 Dungeon Crawl Stone Soup version 0.29.1-12-g30fa7ad0bf (webtiles) character file.

Game seed: 12957698557447790553

57 Descartes the Twirler (level 3, -3/20 HPs)
             Began as a Deep Elf Wanderer on Jan 6, 2023.
             Slain by an ice beast (8 damage)
             ... on level 5 of the Dungeon.
             The game lasted 00:03:48 (2739 turns).

Descartes the Twirler (Deep Elf Wanderer)           Turns: 2739, Time: 00:03:49

Health: -3/20      AC:  3    Str: 11    XL:     3   Next: 73%
Magic:  4/8        EV: 11    Int: 17    God:
Gold:   172        SH:  0    Dex: 13    Spells: 5/6 levels left

rFire   . . .      SeeInvis .   a - +0 quarterstaff
rCold   . . .      Faith    .   (shield currently unavailable)
rNeg    . . .      Spirit   .   d - +0 robe
rPois   .          Reflect  .   (no helmet)
rElec   .          Harm     .   (no cloak)
rCorr   .          Rampage  .   (no gloves)
Will    .....                   i - +0 pair of boots
Stlth   +.........              (no amulet)
HPRegen 0.06/turn               (no ring)
MPRegen 0.11/turn               (no ring)

@: no status effects
A: no striking features
a: no special abilities


You were on level 5 of the Dungeon.
You visited 1 branch of the dungeon, and saw 4 of its levels.

You collected 172 gold pieces.

Inventory:

Hand Weapons
 a - a +0 quarterstaff (weapon)
Armour
 d - a +0 robe (worn)
 i - a +0 pair of boots (worn)
Jewellery
 g - an amulet of faith
Wands
 b - a wand of polymorph (5)
Scrolls
 c - a scroll of blinking
 e - a scroll of enchant weapon {unknown}
 f - 2 scrolls of identify {unknown}
 h - a scroll of noise {unknown}
 j - a scroll of fear {unknown}
 k - a scroll of amnesia {unknown}
 n - a scroll of teleportation {unknown}
 o - a scroll of vulnerability {unknown}
Potions
 l - a potion of attraction {unknown}
 m - a potion of flight {unknown}


   Skills:
 - Level 1.0 Fighting
 + Level 4.1 Staves
 + Level 1.1 Dodging
 + Level 2.1 Spellcasting
 + Level 1.0 Conjurations
 + Level 3.6 Transmutations
 + Level 1.3 Fire Magic
 + Level 1.0 Poison Magic
 + Level 1.7 Evocations


You had 5 spell levels left.
You knew the following spells:

 Your Spells              Type           Power      Damage    Failure   Level
a - Sting                 Tmut/Pois      36%        1d4       8%          1

Your spell library contained the following spells:

 Spells                   Type           Power      Damage    Failure   Level
 Ignite Poison            Fire/Tmut/Pois 8%         N/A       26%         3
 Petrify                  Tmut/Erth      7%         N/A       65%         4


Dungeon Overview and Level Annotations

Branches:
Dungeon (5/15)
 Temple: D:4-7

Altars:


Message History

Confirm with . or Enter, or press ? or * to list all spells.
Aiming: Sting (safe; 8% risk of failure)
Press: ? - help, Shift-Dir - straight line, f - ice beast
Aim: an ice beast (68% to hit)
The sting hits the ice beast.
The ice beast partially resists.
The ice beast is lightly wounded.
Casting: Sting (safe; 8% risk of failure)
Confirm with . or Enter, or press ? or * to list all spells.
Aiming: Sting (safe; 8% risk of failure)
Press: ? - help, Shift-Dir - straight line, f/p - ice beast
Aim: an ice beast (lightly wounded, 68% to hit)
The sting misses the ice beast.
Casting: Sting (safe; 8% risk of failure)
Confirm with . or Enter, or press ? or * to list all spells.
Aiming: Sting (safe; 8% risk of failure)
Press: ? - help, Shift-Dir - straight line, f/p - ice beast
Aim: an ice beast (lightly wounded, 68% to hit)
The sting hits the ice beast but does no damage.
The ice beast is poisoned.
The ice beast is lightly wounded.
The ice beast hits you but does no damage.
Casting: Sting (safe; 8% risk of failure)
Confirm with . or Enter, or press ? or * to list all spells.
Aiming: Sting (safe; 8% risk of failure)
Press: ? - help, Shift-Dir - straight line, f/p - ice beast
Aim: an ice beast (lightly wounded, poisoned, 68% to hit)
The sting hits the ice beast but does no damage.
The ice beast looks even sicker.
The ice beast is lightly wounded.
The ice beast hits you. The ice beast freezes you!
Ouch! That really hurt!
The ice beast attacks as you move away! The ice beast closely misses you.
A water moccasin comes into view.
The ice beast attacks as you move away!
The ice beast hits you but does no damage.
There is a stone staircase leading down here.
The ice beast attacks as you move away! The ice beast hits you.
* * * LOW HITPOINT WARNING * * *
The ice beast freezes you!
You die...

.. #.# #..##
#..# #.#####.###
####.....#...###
....####.......#
.##.....Y...####
......S@###.#
.######.......#
#########


You could see a water moccasin and an ice beast (very poisoned).

Vanquished Creatures
  2 adders (D:2)
  2 worms (D:2)
  A dart slug (D:1)
  4 bats
  4 endoplasms
  A giant cockroach (D:1)
  3 goblins
  4 hobgoblins (D:2)
  A quokka (D:2)
  2 ball pythons
  2 frilled lizards (D:2)
  A kobold (D:2)
  2 rats
29 creatures vanquished.

Notes
Turn   | Place    | Note
-------+----------+-------------------------------------------
     0 | D:1      | Descartes the Deep Elf Wanderer began the quest for the
                  | Orb.
     0 | D:1      | Descartes set off with the following items: a +0
                  | quarterstaff, a wand of polymorph (5), a scroll of
                  | blinking, a +0 robe; and the following spell memorised:
                  | Sting; and the following spells available to memorise:
                  | Ignite Poison, Petrify.
     0 | D:1      | Reached XP level 1. HP: 12/12 MP: 5/5
   178 | D:1      | Found a faded altar of an unknown god.
   580 | D:1      | Reached XP level 2. HP: 16/16 MP: 2/6
  1348 | D:2      | Reached XP level 3. HP: 12/20 MP: 1/8
  1651 | D:2      | Reached skill level 1 in Fire Magic
  1794 | D:2      | Reached skill level 1 in Dodging
  2403 | D:2      | Reached skill level 1 in Conjurations
  2555 | D:2      | Reached skill level 1 in Poison Magic
  2727 | D:3      | You fall into a shaft and drop 2 floors!
  2727 | D:5      | Entered Level 5 of the Dungeon
  2728 | D:5      | Noticed an ice beast
  2737 | D:5      | Noticed a water moccasin
  2739 | D:5      | Slain by an ice beast

Illustrated notes

Levels and vault maps discovered:
D:1:      giann_bridges, layout_basic, hellmonk_ecumenical_altar_lost_god
D:2:      layout_basic, kennysheep_minor_cross, item_on_display_a
D:3:      layout_basic, lemuel_blue_sif_altar
D:5:      layout_rooms, serial_shops, nicolae_shop_statue_plus

Skill      XL: |  1  2  3 |
---------------+----------+-----
Spellcasting   | 2 |  2.1
Fire Magic     | 1 |  1.3
Dodging        | 1 |  1.1
Conjurations   | 1 |  1.0
Poison Magic   | 1 |  1.0
Fighting       | |  1.0
Staves         | |  4.1
Transmutations | |  3.6
Evocations     | |  1.7

Action                   || total
-------------------------++-------
Melee: Quarterstaff      ||     4
 Cast: Sting             ||    86
Armor: Robe              ||    14
Dodge: Dodged            ||    27
